| TOP OF THE 1ST |
|
Bristol Bees batting - Pitching for Marion Mets : RHP Chuck Mathison
|
|
Pitching: RHP Chuck Mathison
|
|
|
Batting: RHB Tracy Jones
|
0-0: Ball 1-0: Ball 2-0: Called Strike 2-1: Ball 3-1: Fly out, F6 (Flyball, 6D, EV 90.0 MPH)
|
|
Batting: RHB Timothy Utecht
|
0-0: Fly out, F7 (Line Drive, 7, EV 98.8 MPH)
|
|
Batting: LHB Joe Orsulak
|
0-0: Called Strike 0-1: Fly out, F9 (Flyball, 9LM, EV 88.1 MPH)
|
| Top of the 1st over - 0 runs, 0 hits, 0 errors, 0 left on base; Bristol 0 - Marion 0 |
| BOTTOM OF THE 1ST |
|
Marion Mets batting - Pitching for Bristol Bees : RHP Kelly Anderson
|
|
Pitching: RHP Kelly Anderson
|
|
|
Batting: RHB Thomas Wallace
|
0-0: Called Strike 0-1: Ball 1-1: DOUBLE (Line Drive, 78D, EV 102.5 MPH)
|
|
Pitching: RHP Dar Smith
|
|
|
Batting: LHB Ricky de la Cruz
|
0-0: Ball Thomas Wallace steals 3rd base 1-0: Ball 2-0: Called Strike 2-1: Fly out, F6 (Flyball, 4MD, EV 91.3 MPH)
|
|
Batting: RHB Rey Quinones
|
0-0: Ball 1-0: Ball 2-0: Foul Ball, location: 2F 2-1: 2-RUN HOME RUN (Line Drive, 7LD, EV 105.0 MPH), Distance : 347 ft
|
|
Batting: LHB Christopher Chapman
|
0-0: Ball 1-0: Ball 2-0: Ball 3-0: Called Strike 3-1: Foul Ball, location: 2F 3-2: Base on Balls
|
|
Batting: RHB Andy Allanson
|
0-0: Foul Ball, location: 2F 0-1: Foul Ball, location: 2F 0-2: Ball 1-2: Foul Ball, location: 2F 1-2: Foul Ball, location: 2F 1-2: Ball 2-2: Strikes out swinging
|
|
Batting: RHB Wayne Harrison
|
0-0: Foul Ball, location: 2F 0-1: Foul Ball, location: 2F 0-2: Fly out, F8 (Flyball, 89S, EV 96.9 MPH)
|
| Bottom of the 1st over - 2 runs, 2 hits, 0 errors, 1 left on base; Bristol 0 - Marion 2 |
| TOP OF THE 2ND |
|
Bristol Bees batting - Pitching for Marion Mets : RHP Chuck Mathison
|
|
Batting: SHB Dale Sveum
|
0-0: Ball 1-0: Ball 2-0: Ball 3-0: Called Strike 3-1: Base on Balls
|
|
Batting: SHB Stan Jefferson
|
0-0: TRIPLE (Line Drive, 78XD, EV 106.9 MPH) Dale Sveum scores
|
|
Batting: SHB Bernie Tatis
|
0-0: Ground out 6-3 (Groundball, 6, EV 102.5 MPH) Stan Jefferson scores
|
|
Batting: RHB Glenallen Hill
|
0-0: Ball 1-0: Foul Ball, location: 2F 1-1: Foul Ball, location: 2F 1-2: Strikes out swinging
|
|
Batting: RHB Bob Hernandes
|
0-0: Ball 1-0: Called Strike 1-1: Foul Ball, location: 2F 1-2: Ball 2-2: Fly out, F4 (Popup, 34S, EV 71.3 MPH)
|
| Top of the 2nd over - 2 runs, 1 hit, 0 errors, 0 left on base; Bristol 2 - Marion 2 |
| BOTTOM OF THE 2ND |
|
Marion Mets batting - Pitching for Bristol Bees : RHP Dar Smith
|
|
Batting: LHB Lorenzo Castillo
|
0-0: Ground out 6-3 (Groundball, 6M, EV 93.1 MPH)
|
|
Batting: SHB Sherman Webb
|
0-0: Swinging Strike 0-1: Called Strike 0-2: Ball 1-2: Strikes out looking
|
|
Batting: LHB Jeff Schulz
|
0-0: Ground out 5-3 (Groundball, 56, EV 86.9 MPH)
|
| Bottom of the 2nd over - 0 runs, 0 hits, 0 errors, 0 left on base; Bristol 2 - Marion 2 |
| TOP OF THE 3RD |
|
Bristol Bees batting - Pitching for Marion Mets : RHP Chuck Mathison
|
|
Batting: RHB Juan Burgos
|
0-0: Ball 1-0: Fly out, F7 (Flyball, 7LM, EV 80.6 MPH)
|
|
Batting: RHB Tracy Jones
|
0-0: Called Strike 0-1: Fly out, F6 (Popup, 6MS, EV 69.4 MPH)
|
|
Batting: RHB Timothy Utecht
|
0-0: SINGLE (Line Drive, 89S, EV 100.6 MPH)
|
|
Batting: LHB Joe Orsulak
|
0-0: Ground out 4-3 (Groundball, 4, EV 82.5 MPH)
|
| Top of the 3rd over - 0 runs, 1 hit, 0 errors, 1 left on base; Bristol 2 - Marion 2 |
| BOTTOM OF THE 3RD |
|
Marion Mets batting - Pitching for Bristol Bees : RHP Dar Smith
|
|
Batting: RHB Thomas Wallace
|
0-0: Ground out 5-3 (Groundball, 5, EV 81.9 MPH)
|
|
Batting: LHB Ricky de la Cruz
|
0-0: Ball 1-0: Ball 2-0: Ball 3-0: Called Strike 3-1: Called Strike 3-2: Base on Balls
|
|
Batting: RHB Rey Quinones
|
0-0: Ball 1-0: Ball 2-0: Ball 3-0: Called Strike 3-1: Base on Balls Ricky de la Cruz to second
|
|
Batting: LHB Christopher Chapman
|
0-0: Called Strike 0-1: Ball 1-1: Ball 2-1: Grounds into double play, 5-4-3 (Groundball, 56, EV 104.4 MPH)
|
| Bottom of the 3rd over - 0 runs, 0 hits, 0 errors, 1 left on base; Bristol 2 - Marion 2 |
| TOP OF THE 4TH |
|
Bristol Bees batting - Pitching for Marion Mets : RHP Chuck Mathison
|
|
Batting: SHB Dale Sveum
|
0-0: Ball 1-0: Ball 2-0: Ball 3-0: Called Strike 3-1: Swinging Strike 3-2: Foul Ball, location: 2F 3-2: Base on Balls
|
|
Batting: SHB Stan Jefferson
|
0-0: Called Strike 0-1: Ball 1-1: Ball 2-1: Foul Ball, location: 2F 2-2: Foul Ball, location: 2F 2-2: Ground out U3 (Groundball, 13, EV 86.3 MPH) Dale Sveum to second
|
|
Batting: SHB Bernie Tatis
|
0-0: Called Strike 0-1: Ground out 6-3 (Groundball, 6M, EV 83.1 MPH) Dale Sveum to third
|
|
Batting: RHB Glenallen Hill
|
0-0: Called Strike 0-1: Ball 1-1: Foul Ball, location: 2F 1-2: Ball 2-2: Fly out, F3 (Popup, 3SF, EV 71.9 MPH)
|
| Top of the 4th over - 0 runs, 0 hits, 0 errors, 1 left on base; Bristol 2 - Marion 2 |
| BOTTOM OF THE 4TH |
|
Marion Mets batting - Pitching for Bristol Bees : RHP Dar Smith
|
|
Batting: RHB Andy Allanson
|
0-0: Foul Ball, location: 2F 0-1: Ball 1-1: Foul Ball, location: 2F 1-2: SINGLE (Groundball, 34D, EV 105.6 MPH)
|
|
Batting: RHB Wayne Harrison
|
0-0: Foul Ball, location: 2F 0-1: Ball 1-1: Fly out, F7 (Flyball, 78M, EV 91.3 MPH)
|
|
Batting: LHB Lorenzo Castillo
|
0-0: Called Strike 0-1: Ball 1-1: Ball 2-1: Ball Wild Pitch! Andy Allanson to second 3-1: Base on Balls
|
|
Batting: SHB Sherman Webb
|
0-0: Ball 1-0: Swinging Strike 1-1: Swinging Strike 1-2: Foul Ball, location: 2F 1-2: Ball 2-2: Foul Ball, location: 2F 2-2: Ball 3-2: Base on Balls Andy Allanson to third Lorenzo Castillo to second
|
|
Batting: LHB Jeff Schulz
|
0-0: Swinging Strike 0-1: Ball 1-1: Ball 2-1: Foul Ball, location: 2F 2-2: Strikes out swinging
|
|
Batting: RHB Thomas Wallace
|
0-0: Ground out U3 (Groundball, 34, EV 88.1 MPH)
|
| Bottom of the 4th over - 0 runs, 1 hit, 0 errors, 3 left on base; Bristol 2 - Marion 2 |
| TOP OF THE 5TH |
|
Bristol Bees batting - Pitching for Marion Mets : RHP Chuck Mathison
|
|
Batting: RHB Bob Hernandes
|
0-0: Called Strike 0-1: Ground out 5-3 (Groundball, 56S, EV 90.0 MPH)
|
|
Batting: RHB Juan Burgos
|
0-0: SINGLE (Groundball, 4D, EV 101.9 MPH)
|
|
Batting: RHB Tracy Jones
|
0-0: Swinging Strike 0-1: 2-RUN HOME RUN (Flyball, 78XD, EV 113.1 MPH), Distance : 404 ft
|
|
Batting: RHB Timothy Utecht
|
0-0: Ball 1-0: Called Strike 1-1: Ball 2-1: Ball 3-1: Foul Ball, location: 2F 3-2: Base on Balls
|
|
Batting: LHB Joe Orsulak
|
0-0: Ball 1-0: Ball 2-0: Ball 3-0: Called Strike 3-1: Called Strike 3-2: SINGLE (Line Drive, 34D, EV 104.4 MPH) Timothy Utecht to second
|
|
Batting: SHB Dale Sveum
|
0-0: Ball 1-0: Ball 2-0: Fly out, F9 (Flyball, 9LM, EV 102.5 MPH) Runner from 2nd tags up, SAFE at 3rd, no throw by RF
|
|
Batting: SHB Stan Jefferson
|
0-0: 3-RUN HOME RUN (Line Drive, 9D, EV 109.4 MPH), Distance : 367 ft
|
|
Pitching: RHP Guillermo Valenzuela
|
|
|
Batting: SHB Bernie Tatis
|
0-0: Called Strike 0-1: Called Strike 0-2: Strikes out swinging
|
| Top of the 5th over - 5 runs, 4 hits, 0 errors, 0 left on base; Bristol 7 - Marion 2 |
| BOTTOM OF THE 5TH |
|
Marion Mets batting - Pitching for Bristol Bees : RHP Dar Smith
|
|
Batting: LHB Ricky de la Cruz
|
0-0: Called Strike 0-1: Called Strike 0-2: Strikes out swinging
|
|
Batting: RHB Rey Quinones
|
0-0: SOLO HOME RUN (Flyball, 7LD, EV 98.8 MPH), Distance : 349 ft
|
|
Batting: LHB Christopher Chapman
|
0-0: SOLO HOME RUN (Line Drive, 9D, EV 106.9 MPH), Distance : 389 ft
|
|
Batting: RHB Andy Allanson
|
0-0: Foul Ball, location: 2F 0-1: Foul Ball, location: 2F 0-2: Ground out 4-3 (Groundball, 4, EV 99.4 MPH)
|
|
Batting: RHB Wayne Harrison
|
0-0: Ball 1-0: Ball 2-0: Foul Ball, location: 2F 2-1: Ball 3-1: Foul Ball, location: 2F 3-2: Foul Ball, location: 2F 3-2: SINGLE (Flyball, 34D, EV 90.0 MPH)
|
|
Pitching: RHP Michael Orlich
|
|
|
Batting: LHB Lorenzo Castillo
|
0-0: Called Strike 0-1: Ball 1-1: Ball 2-1: DOUBLE (Line Drive, 8RXD, EV 106.9 MPH) Wayne Harrison to third
|
|
Batting: SHB Sherman Webb
|
0-0: Swinging Strike 0-1: Foul Ball, location: 2F 0-2: Strikes out swinging
|
| Bottom of the 5th over - 2 runs, 4 hits, 0 errors, 2 left on base; Bristol 7 - Marion 4 |
| TOP OF THE 6TH |
|
Bristol Bees batting - Pitching for Marion Mets : RHP Guillermo Valenzuela
|
|
Batting: RHB Glenallen Hill
|
0-0: Foul Ball, location: 2F 0-1: Swinging Strike 0-2: Ball 1-2: Foul Ball, location: 2F 1-2: Ball 2-2: Strikes out swinging
|
|
Batting: RHB Bob Hernandes
|
0-0: Ground out 5-3 (Groundball, 56S, EV 87.5 MPH)
|
|
Batting: RHB Juan Burgos
|
0-0: Called Strike 0-1: Called Strike 0-2: Ball 1-2: Ball 2-2: SINGLE (Groundball, 4MD, EV 105.0 MPH)
|
|
Batting: RHB Tracy Jones
|
0-0: Called Strike 0-1: Ball 1-1: Ball 2-1: Ball 3-1: Foul Ball, location: 2F 3-2: Fly out, F7 (Flyball, 78D, EV 99.4 MPH)
|
| Top of the 6th over - 0 runs, 1 hit, 0 errors, 1 left on base; Bristol 7 - Marion 4 |
| BOTTOM OF THE 6TH |
|
Marion Mets batting - Pitching for Bristol Bees : RHP Michael Orlich
|
|
Batting: LHB Jeff Schulz
|
0-0: Ball 1-0: Ball 2-0: Fly out, F8 (Flyball, 8LM, EV 87.5 MPH)
|
|
Batting: RHB Thomas Wallace
|
0-0: SINGLE (Groundball, 6MD, EV 99.4 MPH) (infield hit)
|
|
Batting: LHB Ricky de la Cruz
|
0-0: Ground out 5-3 (Groundball, 56, EV 82.5 MPH) Thomas Wallace to second
|
|
Batting: RHB Rey Quinones
|
0-0: Foul Ball, location: 2F 0-1: Ball 1-1: Ground out 4-3 (Groundball, 4, EV 88.8 MPH)
|
| Bottom of the 6th over - 0 runs, 1 hit, 0 errors, 1 left on base; Bristol 7 - Marion 4 |
| TOP OF THE 7TH |
|
Bristol Bees batting - Pitching for Marion Mets : RHP Guillermo Valenzuela
|
|
Batting: RHB Timothy Utecht
|
0-0: Foul Ball, location: 2F 0-1: Ball 1-1: Ball 2-1: Ground out U3 (Groundball, 23, EV 88.8 MPH)
|
|
Batting: LHB Joe Orsulak
|
0-0: Ball 1-0: Swinging Strike 1-1: Foul Ball, location: 2F 1-2: Ball 2-2: Ball 3-2: Ground out 1-3 (Groundball, 15S, EV 63.1 MPH)
|
|
Batting: SHB Dale Sveum
|
0-0: Ball 1-0: Foul Ball, location: 2F 1-1: Fly out, F7 (Flyball, 7, EV 87.5 MPH)
|
| Top of the 7th over - 0 runs, 0 hits, 0 errors, 0 left on base; Bristol 7 - Marion 4 |
| BOTTOM OF THE 7TH |
|
Marion Mets batting - Pitching for Bristol Bees : RHP Michael Orlich
|
|
Batting: LHB Christopher Chapman
|
0-0: Foul Ball, location: 2F 0-1: Foul Ball, location: 2F 0-2: Ground out 6-3 (Groundball, 6, EV 105.6 MPH)
|
|
Batting: RHB Andy Allanson
|
0-0: Ball 1-0: Ball 2-0: Swinging Strike 2-1: Ball 3-1: Foul Ball, location: 2F 3-2: SINGLE (Groundball, 56S, EV 66.3 MPH) (infield hit)
|
|
Batting: RHB Wayne Harrison
|
0-0: Ball 1-0: Swinging Strike 1-1: Swinging Strike 1-2: Foul Ball, location: 2F 1-2: Ball 2-2: Ball 3-2: Base on Balls Andy Allanson to second
|
|
Batting: LHB Lorenzo Castillo
|
0-0: Ball 1-0: Swinging Strike 1-1: Called Strike 1-2: Strikes out swinging
|
|
Batting: SHB Sherman Webb
|
0-0: Called Strike 0-1: Ball 1-1: Ball 2-1: Called Strike 2-2: Foul Ball, location: 2F 2-2: Foul Ball, location: 2F 2-2: Fielders Choice at 2nd, 5-4 (Groundball, 5L, EV 103.1 MPH)
|
| Bottom of the 7th over - 0 runs, 1 hit, 0 errors, 2 left on base; Bristol 7 - Marion 4 |
| TOP OF THE 8TH |
|
Bristol Bees batting - Pitching for Marion Mets : RHP Guillermo Valenzuela
|
|
Batting: SHB Stan Jefferson
|
0-0: Fly out, F8 (Line Drive, 8RD, EV 92.5 MPH)
|
|
Batting: SHB Bernie Tatis
|
0-0: Ball 1-0: Ball 2-0: Called Strike 2-1: Foul Ball, location: 2F 2-2: Fly out, F8 (Line Drive, 8LM, EV 95.6 MPH)
|
|
Batting: RHB Glenallen Hill
|
0-0: Swinging Strike 0-1: Ground out 6-3 (Groundball, 6, EV 100.6 MPH)
|
| Top of the 8th over - 0 runs, 0 hits, 0 errors, 0 left on base; Bristol 7 - Marion 4 |
| BOTTOM OF THE 8TH |
|
Marion Mets batting - Pitching for Bristol Bees : RHP Michael Orlich
|
|
Batting: LHB Jeff Schulz
|
0-0: Called Strike 0-1: Ground out 6-3 (Groundball, 6M, EV 92.5 MPH)
|
|
Batting: RHB Thomas Wallace
|
0-0: Called Strike 0-1: Ball 1-1: Called Strike 1-2: Ground out 6-3 (Groundball, 6, EV 84.4 MPH)
|
|
Batting: LHB Ricky de la Cruz
|
0-0: Ball 1-0: Swinging Strike 1-1: Ground out 4-3 (Groundball, 4, EV 83.8 MPH)
|
| Bottom of the 8th over - 0 runs, 0 hits, 0 errors, 0 left on base; Bristol 7 - Marion 4 |
| TOP OF THE 9TH |
|
Bristol Bees batting - Pitching for Marion Mets : RHP Guillermo Valenzuela
|
|
Batting: RHB Bob Hernandes
|
0-0: Foul Ball, location: 2F 0-1: Ground out 1-3 (Groundball, 23, EV 63.1 MPH)
|
|
Batting: RHB Juan Burgos
|
0-0: Ball 1-0: Ball 2-0: Ball 3-0: Called Strike 3-1: Ground out 6-3 (Groundball, 6MD, EV 83.1 MPH)
|
|
Batting: RHB Tracy Jones
|
0-0: Called Strike 0-1: SINGLE (Groundball, 56S, EV 98.1 MPH)
|
|
Batting: RHB Timothy Utecht
|
0-0: Ball 1-0: Ground out U3 (Groundball, 34, EV 78.1 MPH)
|
| Top of the 9th over - 0 runs, 1 hit, 0 errors, 1 left on base; Bristol 7 - Marion 4 |
| BOTTOM OF THE 9TH |
|
Marion Mets batting - Pitching for Bristol Bees : RHP Michael Orlich
|
|
Batting: RHB Rey Quinones
|
0-0: Ball 1-0: Foul Ball, location: 2F 1-1: Ball 2-1: Ball 3-1: Base on Balls
|
|
Batting: LHB Christopher Chapman
|
0-0: Foul Ball, location: 2F 0-1: Fly out, F7 (Line Drive, 7, EV 93.8 MPH)
|
|
Batting: RHB Andy Allanson
|
0-0: Ball 1-0: Swinging Strike 1-1: SINGLE (Line Drive, 6D, EV 100.0 MPH) Rey Quinones to second
|
|
Pitching: RHP Jose Cano
|
|
|
Batting: RHB Wayne Harrison
|
0-0: Swinging Strike 0-1: Foul Ball, location: 2F 0-2: Strikes out swinging
|
|
Batting: LHB Lorenzo Castillo
|
0-0: Ball 1-0: Ball 2-0: Ball 3-0: Base on Balls Rey Quinones to third Andy Allanson to second
|
|
Pinch Hitting: LHB Victor Madden
|
0-0: Swinging Strike 0-1: Ball 1-1: Ball 2-1: Ball 3-1: Fly out, F9 (Flyball, 89S, EV 95.6 MPH)
|
| Bottom of the 9th over - 0 runs, 1 hit, 0 errors, 3 left on base; Bristol 7 - Marion 4 |
|